 Dungeon Crawl Stone Soup version 0.31-a0-202-g547052bce9 (webtiles) character file.

Game seed: 9001966073057821029

404 innerfire43 the Trooper (level 6, 0/49 HPs)
             Began as a Demonspawn Monk on June 26, 2023.
             Slain by an ogre
             ... wielding a +0 giant club
              (13 damage)
             ... on level 5 of the Dungeon.
             The game lasted 00:04:07 (4119 turns).

innerfire43 the Trooper (Demonspawn Monk)           Turns: 4119, Time: 00:04:08

Health: 0/49       AC:  6    Str: 13    XL:     6   Next: 56%
Magic:  6/6        EV: 13    Int: 15    God:
Gold:   198        SH:  0    Dex: 15    Spells: 5/5 levels left

rFire   . . .        p - +4 spear of the Ancient Knives {flame, Int+3}
rCold   . . .        d - orb {light}
rNeg    . . .        b - +0 robe
rPois   .            e - +0 helmet
rElec   .            (no cloak)
rCorr   .            (no gloves)
SInv    .            (no boots)
Will    .....        (no amulet)
Stlth   +            (no ring)
HPRegen 0.28/turn    (no ring)
MPRegen 0.20/turn

%: no passive effects
@: glowing
A: claws 2, thin metallic scales 2, magic regeneration
a: no special abilities


You were on level 5 of the Dungeon.
You visited 1 branch of the dungeon, and saw 5 of its levels.

You collected 198 gold pieces.

Inventory:

Hand Weapons
 a - a +0 hand axe
 g - a +2 dagger of flaming
 l - a +0 arbalest
 p - the +4 spear of the Ancient Knives (weapon) {flame, Int+3}
   (You found it on level 2 of the Dungeon)

   Int:       It affects your intelligence (+3).
Armour
 b - a +0 robe (worn)
 d - an orb of light (worn)
 e - a +0 helmet (worn)
Jewellery
 s - a ring of ice
Scrolls
 f - 5 scrolls of identify
 i - 3 scrolls of teleportation
 k - a scroll of amnesia
 n - a scroll of noise
 o - a scroll of brand weapon
 t - a scroll of enchant weapon {unknown}
 v - a scroll of butterflies {unknown}
Potions
 c - a potion of ambrosia
 h - 2 potions of enlightenment {unknown}
 j - a potion of heal wounds {unknown}
 m - a potion of attraction {unknown}
 q - a potion of lignification {unknown}
 r - a potion of invisibility {unknown}
 u - 2 potions of might {unknown}


   Skills:
 + Level 4.7 Fighting
 - Level 3.6(4.1) Axes
 * Level 3.0(3.8) Polearms
 + Level 4.2 Dodging


You had 5 spell levels left.
You didn't know any spells.
Your spell library contained the following spells:

 Spells                   Type           Power      Damage    Failure   Level
 Blink                    Tloc           0%         N/A       38%         2
 Lesser Beckoning         Tloc           0%         N/A       38%         2
 Momentum Strike          Conj/Tloc      0%         3d8       38%         2
 Summon Forest            Summ/Tloc      0%         N/A       100%        5
 Eringya's Noxious Bog    Tmut/Pois      0%         N/A       100%        6
 Summon Hydra             Summ           0%         N/A       100%        7


Dungeon Overview and Level Annotations

Branches:
Dungeon (5/15)
 Temple: D:4-7

Altars:
Yredelemnul

Shops:
D:1 !


Innate Abilities, Weirdness & Mutations

You have very sharp fingernails.
You are mostly covered in thin metallic scales. (AC +3)
You regenerate magic rapidly.


Message History

You kill the iguana!
Your Polearms skill increases to level 3!
You hear a distant slurping noise.
You hear a distant slurping noise.
HP restored.
You hear a distant slurping noise.
You now have 198 gold pieces (gained 15).
As you open the door, it creaks loudly!
Found 4 stones.
There is an open door here.
Found a dagger.
You open the door.
Found a stone staircase leading up.
There is an open door here.
There is an open door here.
You open the door.
There is an open door here.
You open the door.
There is an open door here.
You hear a distant slurping noise.
An ogre comes into view. It is wielding a +0 giant club.
The ogre shouts!
An ogre is nearby!
You reach to attack!
You hit the ogre. You burn the ogre.
The ogre is lightly wounded.
You hit the ogre but do no damage.
The ogre is lightly wounded.
The ogre hits you with a +0 giant club!!
You hit the ogre. You burn the ogre.
The ogre is lightly wounded.
You hit the ogre. You burn the ogre.
The ogre is moderately wounded.
The ogre hits you with a +0 giant club!
* * * LOW HITPOINT WARNING * * *
You hit the ogre. You burn the ogre.
The ogre is heavily wounded.
You puncture the ogre! You burn the ogre.
The ogre is almost dead.
The ogre hits you with a +0 giant club!
You die...

...#........#....#
...#........#....#
...##+###..###...#
.... #'####...#
.... #........#
###. #........# ..
#........#
#........#
#.......@#
#.......O#
######...# #...#
#...# #...# #...#
#...#


You could see an ogre.

Vanquished Creatures
  An ogre (D:3)
  A hound (D:4)
  Terence (D:2)
  A scorpion zombie (D:3)
  An iguana (D:5)
  2 hound zombies (D:3)
  4 gnolls (D:4)
  4 adders
  A worm (D:4)
  3 dart slugs
  An orc (D:3)
  6 ball pythons
  8 bats
  5 endoplasms
  7 giant cockroaches
  17 goblins
  4 hobgoblins
  5 jackals
  2 quokkas
  7 frilled lizards
  A giant cockroach zombie (D:3)
  4 kobolds (D:1)
  7 rats
93 creatures vanquished.

Notes
Turn   | Place    | Note
-------+----------+-------------------------------------------
     0 | D:1      | innerfire43 the Demonspawn Monk began the quest for the
                  | Orb.
     0 | D:1      | Reached XP level 1. HP: 18/18 MP: 1/1
    64 | D:1      | Found Fesien's Distillery.
    87 | D:1      | Gained mutation: You have sharp fingernails. [demonic
                  | ancestry]
    87 | D:1      | Reached XP level 2. HP: 16/24 MP: 2/2
   406 | D:1      | Gained mutation: You are partially covered in thin metallic
                  | scales. (AC +2) [demonic ancestry]
   406 | D:1      | Reached XP level 3. HP: 29/29 MP: 3/3
  1236 | D:2      | Noticed Terence
  1251 | D:2      | Killed Terence
  1252 | D:2      | Gained mutation: You have very sharp fingernails. [demonic
                  | ancestry]
  1252 | D:2      | Reached XP level 4. HP: 16/37 MP: 4/4
  2119 | D:2      | Identified the +4 spear of the Ancient Knives {flame,
                  | Int+3}
  2337 | D:3      | Reached skill level 1 in Polearms
  2337 | D:3      | Gained mutation: You are mostly covered in thin metallic
                  | scales. (AC +3) [demonic ancestry]
  2337 | D:3      | Reached XP level 5. HP: 41/42 MP: 5/5
  2375 | D:3      | Found a basalt altar of Yredelemnul.
  2455 | D:3      | Noticed an ogre
  2467 | D:3      | Killed an ogre
  2468 | D:3      | Gained mutation: You regenerate magic rapidly. [demonic
                  | ancestry]
  2468 | D:3      | Reached XP level 6. HP: 43/49 MP: 6/6
  3893 | D:5      | Entered Level 5 of the Dungeon
  4119 | D:5      | Slain by an ogre

Illustrated notes

Levels and vault maps discovered:
D:1:      dpeg_arrival_more_subterranean_lakeside_camping, layout_basic,
          serial_shops, nicolae_shop_tiny_waterfront, minmay_tiny_reverse_x
D:2:      minmay_wonky_spiral, layout_basic, grunt_ministairs_3, uniq_terence
D:3:      layout_loops_cross, nicolae_yredelemnul_corpse_copse,
          nicolae_concentric_dashed_squares_wild, grunt_decor_fettered,
          amcnicky_mini_rare_corridor_liquid, chequers_big_river,
          minmay_ogre_servants
D:4:      layout_loops_ring
D:5:      layout_gridville, minmay_overflow_temple_star_quad,
          minmay_temple_entry_enclosed_plants

Skill      XL: |  1  2  3  4  5  6 |
---------------+-------------------+-----
Axes           | 3 |  3.6
Dodging        | 3 4 |  4.2
Fighting       | 4 |  4.7
Polearms       | 1 2 3 |  3.0

Action                     |  1- 3 |  4- 6 || total
---------------------------+-------+-------++-------
  Melee: Hand axe          |   117 |    60 ||   177
         Spear             |       |   113 ||   113
    Use: Scroll            |       |     5 ||     5
 Armour: Robe              |    19 |    33 ||    52
  Dodge: Dodged            |    93 |    75 ||   168

Table legend: (Time is in decaauts)
 A = Elapsed time spent in this place.
 B = Non-inter-level travel time spent in this place.
 C = Inter-level travel time spent in this place.
 D = Time resting spent in this place.
 E = Time spent auto-exploring this place.
 F = Levels seen in this place.
 G = Mean time per level.
                   A        B        C        D        E       F      G
               +--------+--------+--------+--------+--------+-----+--------+
         Total |   4147 |   4056 |     91 |      0 |   3418 |   5 |  829.4 |
       Dungeon |   4147 |   4056 |     91 |      0 |   3418 |   5 |  829.4 |
               +--------+--------+--------+--------+--------+-----+--------+

Top non-repeatable levels by time:
     D:2: 1318 daAuts
     D:1: 991 daAuts
     D:3: 864 daAuts
     D:4: 747 daAuts
     D:5: 224 daAuts
